 Dungeon Crawl Stone Soup version 0.26-a0-695-g987792ac36 (webtiles) character file.

Game seed: 16662837484315616883

46542 strifetoe the Severer (level 14, -31/132 HPs)
             Began as a Palentonga Fighter on Oct 25, 2020.
             Was a High Priest of Okawaru.
             Annihilated by an ettin
             ... wielding a +0 dire flail
              (39 damage)
             ... on level 9 of the Dungeon.
             The game lasted 00:31:40 (24517 turns).

strifetoe the Severer (Palentonga Fighter)         Turns: 24517, Time: 00:31:41

Health: -31/132    AC: 23    Str: 22      XL:     14   Next: 5%
Magic:  0/17       EV:  3    Int: 15      God:    Okawaru [*****.]
Gold:   1526       SH: 10    Dex: 11 (12) Spells: 13/13 levels left

rFire    + . .     SeeInvis +   a - +1 broad axe (freeze)
rCold    . . .     Faith    .   c - +0 kite shield
rNeg     + . .     Spirit   +   q - +0 plate armour
rPois    +         Reflect  .   j - +1 hat
rElec    .         Harm     .   (no cloak)
rCorr    .         Rampage  .   C - +1 pair of gloves
MR       +....     Clarity  +   y - +2 barding "Oviy" {Int+2 Slay+4}
Stlth    ..........             H - amulet of guardian spirit
HPRegen  0.32/turn              Q - ring of poison resistance
MPRegen  0.15/turn              U - ring "Yguduud" {rF+ rN+ Int+4 SInv}

@: no status effects
A: large, horns 1, rugged brown scales 3, see invisible, clarity, deformed body,
deterioration 1, roll, armoured tail
a: Rolling Charge, Heroism, Finesse, Renounce Religion


You were on level 9 of the Dungeon.
You worshipped Okawaru.
Okawaru was extremely pleased with you.
You visited 3 branches of the dungeon, and saw 19 of its levels.

You collected 1526 gold pieces.

Inventory:

Hand Weapons
 a - a +1 broad axe of freezing (weapon)
 b - a +1 hand axe of flaming
 K - a +2 broad axe of electrocution
Missiles
 r - 7 boomerangs (quivered)
Armour
 c - a +0 kite shield (worn)
 j - a +1 hat (worn)
 o - the +2 barding of Nouv {rElec rF+ rN+}
   (Okawaru gifted it to you on level 1 of the Lair of Beasts)

   It protects you from fire.
   It insulates you from electricity.
   It protects you from negative energy.
 q - a +0 plate armour (worn)
 y - the +2 barding "Oviy" (worn) {Int+2 Slay+4}
   (Okawaru gifted it to you on level 6 of the Lair of Beasts)

   It affects your intelligence (+2).
   It affects your accuracy and damage with ranged weapons and melee attacks
   (+4).
 C - a +1 pair of gloves (worn)
Jewellery
 g - an uncursed amulet of reflection
 A - a +6 ring of strength
 G - an uncursed ring of protection from fire
 H - an amulet of guardian spirit (around neck)
 I - an uncursed ring of wizardry
 Q - a ring of poison resistance (left hand)
 R - an uncursed ring of flight {unknown}
 U - the ring "Yguduud" (right hand) {rF+ rN+ Int+4 SInv}
   (You found it on level 5 of the Lair of Beasts)

   [ring of see invisible]

   It affects your intelligence (+4).
   It protects you from fire.
   It protects you from negative energy.
   It lets you see invisible.
Wands
 l - a wand of flame (33)
 p - a wand of iceblast (12)
 B - a wand of digging (2)
 E - a wand of acid (3)
 F - a wand of polymorph (9)
 S - a wand of random effects (17)
Scrolls
 e - 3 scrolls of fog
 f - 3 scrolls of enchant armour
 h - 7 scrolls of teleportation
 i - 14 scrolls of remove curse
 n - 5 scrolls of magic mapping
 t - 3 scrolls of immolation
 x - 6 scrolls of amnesia
 J - 6 scrolls of identify
 L - 2 scrolls of silence
 M - 2 scrolls of blinking
 T - a scroll of summoning
Potions
 d - 4 potions of might
 k - 5 potions of resistance
 m - 5 potions of haste
 s - 8 potions of flight
 u - 2 potions of ambrosia
 v - 2 potions of invisibility
 w - 2 potions of cancellation
 z - 2 potions of lignification
 D - 2 potions of stabbing
 N - a potion of berserk rage
 O - 2 potions of curing
 P - 6 potions of heal wounds


   Skills:
 - Level 11.4 Fighting
 - Level 16.1 Axes
 - Level 10.2 Armour
 + Level 4.2 Dodging
 + Level 5.1 Shields
 - Level 4.3 Invocations


You had 13 spell levels left.
You didn't know any spells.
Your spell library contained the following spells:

 Spells                   Type           Power        Failure   Level
 Summon Small Mammal      Summ           #...         100%        1
 Call Imp                 Summ           #.......     100%        2
 Poisonous Vapours        Pois/Air       #.....       100%        2
 Call Canine Familiar     Summ           #.......     100%        3
 Conjure Flame            Conj/Fire      #.......     100%        3
 Mephitic Cloud           Conj/Pois/Air  #.......     100%        3
 Summon Guardian Golem    Hex/Summ       #.......     100%        3
 Summon Ice Beast         Ice/Summ       #.......     100%        4
 Summon Lightning Spire   Summ/Air       #.......     100%        4
 Freezing Cloud           Conj/Ice/Air   #.........   100%        6


Dungeon Overview and Level Annotations

Branches:
Dungeon (12/15)            Temple (0/1) D:7            Lair (6/6) D:9
  Swamp (0/4) Lair:4       Spider (0/4) Lair:2        Slime (0/5) Lair:5
    Orc (1/2) D:9

Altars:
Cheibriados
Dithmenos
Elyvilon
Gozag
Okawaru
Qazlal
Trog
Wu Jian
Zin
The Shining One

Shops:
D:9 *   D:11 !

Portals:
Abyss: Lair:2

Annotations:
Lair:2 2 transporters, dudeneo's ghost, journeyman MiMo
Orc:1 1 transporter, grandjackal's ghost, journeyman DsGl


Innate Abilities, Weirdness & Mutations

You are completely covered in rugged brown scales. (AC +3, +7% HP)
You have supernaturally acute eyesight. (SInv)
Armour fits poorly on your strangely shaped body.
You can roll at foes to attack.
You have a long armoured tail.
You have a pair of small horns on your head.
You possess an exceptional clarity of mind.
Your body sometimes deteriorates upon taking damage.


Message History

The ettin is heavily wounded.
The ettin hits you with a +0 dire flail!
The ettin hits you with a +0 dire flail!!
Your body deteriorates!
You feel clumsy.
Unknown command.
You are too injured to fight recklessly!
Unknown command.
You are too injured to fight recklessly!
Unknown command.
You hit the ettin. You freeze the ettin. Your headbutt misses the ettin.
The ettin is heavily wounded.
The ettin hits you with a +0 dire flail!!
* * * LOW HITPOINT WARNING * * *
The ettin hits you with a +0 dire flail!
* * * LOW HITPOINT WARNING * * *
You slash the ettin! You freeze the ettin. You tail-slap the ettin.
The ettin is almost dead.
You block the ettin's attack.
The ettin hits you with a +0 dire flail!!!
You die...

.#..#'####..#
'#†.#....#..#
....#....'..####
....#....#.....#
################
###.###8###8#######
.#...#...#...#.≈≈≈#
.............#.)≈≈#
.............'..@§#
...........[.#.C≈§#
.#...#...#...#.≈§§#
###8###.###8#######
# ### ### ###


You could see an ettin.

Vanquished Creatures
  Gastronok (Lair:1)
  5 dire elephants (Lair:6)
  7 hydras
  A catoblepas (Lair:6)
  A boulder beetle (D:11)
  2 two-headed ogres (D:10)
  An anaconda (Lair:6)
  The ghost of Whiskey the Unseen, a journeyman KoEn of Ashenzari (D:9)
  A cyclops (D:11)
  A manticore (D:11)
  2 black mambas
  13 elephants
  A torpor snail (Lair:6)
  16 cane toads
  3 rime drakes
  11 komodo dragons
  A troll (D:9)
  3 polar bears
  A queen bee (D:9)
  A hornet (Lair:1)
  13 blink frogs
  Sigmund (D:3)
  A wyvern (D:7)
  5 basilisks
  7 yaks
  5 vampire mosquitoes (Lair:4)
  A warg (Orc:1)
  17 water moccasins
  10 orc warriors
  2 sky beasts
  3 ice beasts
  3 phantoms
  4 black bears
  5 necrophages
  13 centaurs
  20 wolves
  12 ogres
  14 bullfrogs
  2 big kobolds
  A scorpion (Lair:1)
  A water moccasin skeleton (D:6)
  5 killer bees (D:9)
  3 wights
  An electric eel (D:9)
  3 howler monkeys (D:8)
  2 bullfrog zombies
  A centaur zombie (D:11)
  3 jellies
  A centaur skeleton (D:5)
  8 hounds
  4 bullfrog skeletons
  9 orc priests
  8 iguanas
  11 worker ants
  14 orc wizards
  A hound zombie (D:11)
  Robin (D:2)
  A gnoll (D:1)
  20 adders
  2 shadow imps
  3 white imps
  An ooze (Lair:5)
  5 adder skeletons
  6 worms
  7 leopard geckos
  33 orcs
  8 giant cockroaches
  13 goblins
  10 hobgoblins
  10 jackals
  4 quokkas
  8 bats
  5 frilled lizards
  12 kobolds
  4 rats
440 creatures vanquished.

Vanquished Creatures (others)
  A rime drake (Lair:5)
  66 fungi
  103 plants
170 creatures vanquished.

Grand Total: 610 creatures vanquished

Notes
Turn   | Place    | Note
-------+----------+-------------------------------------------
     0 | D:1      | strifetoe the Palentonga Fighter began the quest for the
                  | Orb.
     0 | D:1      | Reached XP level 1. HP: 20/20 MP: 1/1
   221 | D:1      | Reached XP level 2. HP: 22/27 MP: 2/2
   318 | D:1      | Reached skill level 3 in Axes
   646 | D:1      | Reached XP level 3. HP: 26/33 MP: 3/3
  1093 | D:2      | Reached skill level 4 in Axes
  1270 | D:2      | Noticed Robin
  1280 | D:2      | Gained mutation: You possess an exceptional clarity of
                  | mind. [potion of mutation]
  1280 | D:2      | Gained mutation: Your body sometimes deteriorates upon
                  | taking damage. [potion of mutation]
  1280 | D:2      | Gained mutation: You have a pair of small horns on your
                  | head. [potion of mutation]
  1283 | D:2      | Killed Robin
  1283 | D:2      | Reached XP level 4. HP: 12/40 MP: 4/4
  1514 | D:2      | Found a glowing silver altar of Zin.
  2134 | D:3      | Reached skill level 5 in Axes
  2189 | D:3      | Noticed Sigmund
  2212 | D:3      | Killed Sigmund
  2212 | D:3      | Reached skill level 6 in Axes
  2212 | D:3      | Reached XP level 5. HP: 19/48 MP: 5/5
  2212 | D:3      | Reached XP level 6. HP: 22/54 MP: 6/6
  2408 | D:3      | Found an iron altar of Okawaru.
  2422 | D:3      | Became a worshipper of Warmaster Okawaru
  3268 | D:4      | Found a shadowy altar of Dithmenos.
  3295 | D:4      | Reached skill level 7 in Axes
  3602 | D:4      | Reached XP level 7. HP: 54/60 MP: 7/7
  3649 | D:4      | Reached skill level 8 in Axes
  4217 | D:5      | Entered Level 5 of the Dungeon
  4231 | D:5      | Found a stormy altar of Qazlal.
  4358 | D:5      | Found a white marble altar of Elyvilon.
  4554 | D:5      | Reached * piety under Okawaru
  4554 | D:5      | Reached skill level 9 in Axes
  5042 | D:5      | Reached XP level 8. HP: 67/67 MP: 8/8
  5842 | D:6      | Reached skill level 1 in Invocations
  6268 | D:6      | Reached ** piety under Okawaru
  6766 | D:7      | Found an ornate altar of the Wu Jian Council.
  6971 | D:7      | Reached skill level 5 in Fighting
  6971 | D:7      | Reached XP level 9. HP: 42/79 MP: 11/11
  7257 | D:7      | Found a staircase to the Ecumenical Temple.
  7849 | D:7      | Found a snail-covered altar of Cheibriados.
  7973 | D:8      | Reached skill level 1 in Dodging
  8104 | D:8      | Found a bloodstained altar of Trog.
  8423 | D:8      | Reached *** piety under Okawaru
  8992 | D:9      | Found a staircase to the Lair.
  8996 | D:9      | Reached skill level 5 in Shields
  9115 | D:9      | Noticed a troll
  9163 | D:9      | Found a transporter.
  9163 | D:9      | Noticed Whiskey's ghost (journeyman KoEn)
  9165 | D:9      | Found a transporter.
  9168 | D:9      | Noticed a queen bee
  9219 | D:9      | Reached skill level 10 in Axes
  9290 | D:9      | Found Doinwaf's General Store.
  9396 | D:9      | Reached **** piety under Okawaru
  9407 | D:9      | Reached XP level 10. HP: 56/85 MP: 12/12
  9775 | D:9      | Found a staircase to the Orcish Mines.
  9816 | D:9      | Found an opulent altar of Gozag.
  9938 | D:9      | Found a glowing golden altar of the Shining One.
 10143 | D:9      | Reached skill level 11 in Axes
 10405 | D:10     | Entered Level 10 of the Dungeon
 10435 | D:10     | Noticed a two-headed ogre
 10446 | D:10     | Killed a two-headed ogre
 10446 | D:10     | Reached skill level 12 in Axes
 10467 | D:10     | Noticed a two-headed ogre
 10498 | D:10     | Killed a two-headed ogre
 11080 | D:10     | Reached skill level 13 in Axes
 11940 | D:11     | Reached ***** piety under Okawaru
 11940 | D:11     | Reached XP level 11. HP: 83/92 MP: 11/13
 12374 | D:11     | Found Nowaz's Distillery.
 12664 | D:11     | Noticed a boulder beetle
 12688 | D:11     | Killed a boulder beetle
 12999 | D:11     | Received a gift from Okawaru
 13619 | D:11     | Reached skill level 14 in Axes
 13814 | D:12     | Received a gift from Okawaru
 13863 | D:12     | Noticed a sun demon
 14319 | Lair:1   | Entered Level 1 of the Lair of Beasts
 14380 | Lair:1   | Noticed a four-headed hydra
 14380 | Lair:1   | Noticed a seven-headed hydra
 14501 | Lair:1   | Killed a four-headed hydra
 14505 | Lair:1   | Killed a one-headed hydra
 14700 | Lair:1   | Noticed an eight-headed hydra
 14727 | Lair:1   | Killed a three-headed hydra
 15352 | Lair:1   | Noticed Gastronok
 15356 | Lair:1   | Paralysed by a hornet for 3 turns
 15380 | Lair:1   | Killed Gastronok
 15380 | Lair:1   | Received a gift from Okawaru
 15380 | Lair:1   | Reached skill level 10 in Fighting
 15380 | Lair:1   | Reached XP level 12. HP: 23/113 MP: 2/15
 15403 | Lair:1   | Got a translucent barding {god gift}
 15705 | Lair:1   | Identified the +2 barding of Nouv {rElec rF+ rN+} (Okawaru
                  | gifted it to you on level 1 of the Lair of Beasts)
 16690 | Lair:2   | Found a transporter.
 16704 | Lair:2   | Identified the +7 trident of Impeachment {distort, rPois
                  | rF+ MR- Str+4 Int+4}
 16850 | Lair:2   | Noticed dudeneo's ghost (journeyman MiMo)
 16852 | Lair:2   | Found a one-way gate to the infinite horrors of the Abyss.
 16863 | Lair:2   | Found a transporter.
 17198 | Lair:2   | Found a hole to the Spider Nest.
 17777 | Lair:2   | Noticed a hell hog
 17986 | Lair:3   | Noticed a four-headed hydra
 17996 | Lair:3   | Killed a one-headed hydra
 18082 | Lair:3   | Reached skill level 5 in Armour
 18159 | Lair:3   | Reached ****** piety under Okawaru
 18433 | Lair:3   | Noticed a four-headed hydra
 18441 | Lair:3   | Killed a one-headed hydra
 18454 | Lair:3   | Received a gift from Okawaru
 19166 | Lair:4   | You fall into a shaft and drop 2 floors!
 19166 | Lair:6   | Entered Level 6 of the Lair of Beasts
 19510 | Lair:6   | Reached XP level 13. HP: 74/123 MP: 9/16
 19514 | Lair:6   | Received a gift from Okawaru
 19524 | Lair:6   | Got an ichor-stained barding {god gift}
 19963 | Lair:5   | Identified the +2 barding "Oviy" {Int+2 Slay+4} (Okawaru
                  | gifted it to you on level 6 of the Lair of Beasts)
 20561 | Lair:5   | Found a staircase to the Slime Pits.
 20962 | Lair:5   | Reached skill level 15 in Axes
 21233 | Lair:5   | Got a shimmering copper ring
 21453 | Lair:5   | Identified the ring "Yguduud" {rF+ rN+ Int+4 SInv} (You
                  | found it on level 5 of the Lair of Beasts)
 22207 | Lair:4   | Found a staircase to the Swamp.
 23324 | Lair:6   | Received a gift from Okawaru
 23494 | Lair:6   | Noticed a dire elephant
 23494 | Lair:6   | Noticed a dire elephant
 23507 | Lair:6   | Killed a dire elephant
 23512 | Lair:6   | Killed a dire elephant
 23512 | Lair:6   | Received a gift from Okawaru
 23570 | Lair:6   | Noticed a dire elephant
 23585 | Lair:6   | Killed a dire elephant
 23585 | Lair:6   | Reached skill level 10 in Armour
 23903 | Lair:6   | Noticed a dire elephant
 23904 | Lair:6   | Noticed a dire elephant
 23912 | Lair:6   | Killed a dire elephant
 23912 | Lair:6   | Reached skill level 16 in Axes
 23918 | Lair:6   | Killed a dire elephant
 23918 | Lair:6   | Reached XP level 14. HP: 75/132 MP: 10/17
 24332 | D:9      | Killed Whiskey's ghost
 24489 | Orc:1    | Entered Level 1 of the Orcish Mines
 24489 | Orc:1    | Found a transporter.
 24489 | Orc:1    | Noticed grandjackal's ghost (journeyman DsGl)
 24517 | D:9      | Annihilated by an ettin

Illustrated notes

Levels and vault maps discovered:
D:1:      saegor_arrival_simple_a, layout_loops_ring
D:2:      layout_basic, zin_scriptorium, uniq_robin
D:3:      layout_rooms, lemuel_crystal_altar, serial_rivers,
          chequers_serial_rivers_large_b, chequers_serial_rivers_small_a,
          chequers_serial_rivers_micro_a, chequers_serial_rivers_micro_b,
          chequers_serial_rivers_micro_b, chequers_serial_rivers_micro_e,
          uniq_sigmund
D:4:      layout_layer_cave, old_standard_altar
D:5:      layout_gridville, elyvilon_altar_4, nicolae_overflow_hidden_temple
D:6:      layout_loops_ring, chequers_decorated_corner,
          hangedman_decor_peaks_small
D:7:      layout_basic, slow_altar_2, lemuel_crystal_altar,
          minmay_temple_entry_mist, chequers_serial_rivers_micro_a
D:8:      layout_gridville, lemuel_round_altar, chequers_serial_rivers_small_3
D:9:      layout_irregular_city, marbit_many_paths, kennysheep_little_box,
          erik_lair_island, david_orc_4, serial_shops, shop,
          gammafunk_ghost_hive
D:10:     layout_basic, hangedman_decor_lopped, kennysheep_windowed_goal
D:11:     layout_gridville, serial_shops, kennysheep_mini
D:12:     layout_cross
Lair:1:   minmay_lair_venomous_thicket, layout_regular_city, fungi_pond_lemuel,
          grunt_megastairs_1, serial_bayou_shore_b, uniq_gastronok
Lair:2:   layout_gridlike, spider_nest_entry_web_field,
          gammafunk_ghost_abyssal_escape
Lair:3:   beast_lair_carwin_large_3, layout_chaotic_city, serial_bayou_pond_a,
          roderic_carrion_pond
Lair:4:   layout_loops_ring, minmay_swamp_entry_swarm, gammafunk_lair_bear_cave
Lair:5:   layout_regular_city, nicolae_slime_entry_slimehenge,
          infiniplex_staircase_pool_2, uniq_kirke
Lair:6:   due_jungle_book, layout_loops_ring
Orc:1:    layout_diamond_mine, gammafunk_ghost_smash, uniq_harold

Skill      XL: |  1  2  3  4  5  6  7  8  9 10 11 12 13 |
---------------+----------------------------------------+-----
Axes           | 3 4 6 7 9 10 13 14 16 | 16.1
Armour         | 4 7 10 | 10.2
Invocations    | 3 4 |  4.3
Fighting       | 5 10 11 | 11.4
Dodging        | 4 |  4.2
Shields        | 5 |  5.1

Action                   |  1- 3 |  4- 6 |  7- 9 | 10-12 | 13-15 || total
-------------------------+-------+-------+-------+-------+-------++-------
Melee: War axe           |   115 |   123 |   128 |       |       ||   366
       Tailslap          |     7 |    11 |    43 |   116 |    61 ||   238
       Headbutt          |       |    15 |    43 |   188 |    84 ||   330
       Hand axe          |       |       |   193 |   701 |     4 ||   898
       Broad axe         |       |       |       |    76 |   256 ||   332
Invok: Heroism           |       |       |     3 |    16 |    13 ||    32
 Abil: Rolling Charge    |       |     2 |     4 |     2 |       ||     8
Evoke: Wand              |       |       |       |     7 |       ||     7
  Use: Potion            |     3 |     1 |       |     5 |     1 ||    10
       Scroll            |       |     1 |    15 |    11 |     9 ||    36
Armor: Scale mail        |    52 |    30 |    68 |     4 |       ||   154
       Plate armour      |       |       |       |   264 |   164 ||   428
Dodge: Dodged            |    21 |    20 |    36 |   104 |    43 ||   224
Block: Kite shield       |   106 |    88 |   196 |   359 |   111 ||   860
       Reflection        |       |     2 |    15 |     6 |       ||    23

Table legend: (Time is in decaauts)
 A = Elapsed time spent in this place.
 B = Non-inter-level travel time spent in this place.
 C = Inter-level travel time spent in this place.
 D = Time resting spent in this place.
 E = Time spent auto-exploring this place.
 F = Levels seen in this place.
 G = Mean time per level.
                   A        B        C        D        E       F      G
               +--------+--------+--------+--------+--------+-----+--------+
         Total |  24367 |  23383 |    984 |   4969 |  14873 |  19 | 1282.5 |
       Dungeon |  14549 |  14031 |    518 |   2528 |   9482 |  12 | 1212.4 |
          Lair |   9796 |   9331 |    465 |   2441 |   5391 |   6 | 1632.7 |
  Orcish Mines |     21 |     21 |      0 |      0 |      0 |   1 |   21.0 |
               +--------+--------+--------+--------+--------+-----+--------+

Top non-repeatable levels by time:
  Lair:1: 2222 daAuts
    D:11: 2203 daAuts
  Lair:6: 1881 daAuts
  Lair:5: 1847 daAuts
     D:9: 1735 daAuts
     D:4: 1653 daAuts
  Lair:2: 1508 daAuts
    D:10: 1311 daAuts
  Lair:3: 1292 daAuts
     D:5: 1290 daAuts
     D:7: 1202 daAuts
     D:2: 1054 daAuts
  Lair:4: 1043 daAuts
     D:3: 1013 daAuts
     D:8: 948 daAuts
